 Dungeon Crawl Stone Soup version 0.25.1-8-g42b30a86e7 (webtiles) character file.

Game seed: 11665539808222291889

1152 zeroc00l the Ruffian (level 8, 0/67 HPs)
             Began as a Troll Wizard on Dec 9, 2020.
             Was a Believer of Cheibriados.
             Slain by an orc warrior
             ... wielding a +0 trident
              (22 damage)
             ... on level 6 of the Dungeon on Dec 10, 2020.
             The game lasted 00:22:26 (5532 turns).

zeroc00l the Ruffian (Troll Wizard)                 Turns: 5532, Time: 00:22:27

Health: 0/67       AC:  7    Str: 21    XL:     8   Next: 16%
Magic:  5/11       EV: 11    Int: 21    God:    Cheibriados [**....]
Gold:   206        SH:  0    Dex: 13    Spells: 2/13 levels left

rFire    + . .     SeeInvis .   z - +3 glaive
rCold    . . .     Gourm    +   (shield currently unavailable)
rNeg     + . .     Faith    .   a - +0 robe
rPois    .         Spirit   .   b - +0 hat
rElec    .         Reflect  .   D - +0 cloak
rCorr    .         Harm     .   (gloves unavailable)
MR       .....                  (boots unavailable)
Stlth    ++........             (no amulet)
HPRegen  0.61/turn              j - ring of positive energy
MPRegen  0.12/turn              A - ring of protection from fire

@: very slightly contaminated, lightly drained, very slow
A: large, unfitting armour, claws 3, fast metabolism 3, gourmand, regeneration
1, shaggy fur 1, tough skin 3
a: Bend Time, Renounce Religion


You were on level 6 of the Dungeon.
You worshipped Cheibriados.
Cheibriados was pleased with you.
You were very full.

You visited 1 branch of the dungeon, and saw 6 of its levels.

You collected 206 gold pieces.

Inventory:

Hand Weapons
 u - a +3 spear
 z - a +3 glaive (weapon)
Missiles
 m - a poisoned dart (quivered)
 y - 4 boomerangs
Armour
 a - a +0 robe (worn)
 b - a +0 hat (worn)
 D - a +0 cloak (worn)
Jewellery
 j - a ring of positive energy (left claw)
 A - a ring of protection from fire (right claw)
Wands
 n - a wand of iceblast (20)
 x - a wand of flame (13)
Scrolls
 c - 4 scrolls of blinking {unknown}
 e - 6 scrolls of identify {unknown}
 f - a scroll of magic mapping {unknown}
 g - 4 scrolls of remove curse {unknown}
 h - a scroll of immolation {unknown}
 k - a scroll of random uselessness {unknown}
 o - 5 scrolls of teleportation {unknown}
 p - 2 scrolls of enchant weapon {unknown}
 s - a scroll of fog {unknown}
 t - a scroll of fear {unknown}
 B - a scroll of noise {unknown}
Potions
 i - a potion of might {unknown}
 l - 4 potions of curing {unknown}
 q - a potion of haste {unknown}
 r - 2 potions of mutation {unknown}
 v - 2 potions of stabbing {unknown}
 w - 2 potions of cancellation {unknown}
Comestibles
 d - 11 rations


   Skills:
 + Level 3.8(3.7) Dodging
 - Level 1.0(0.9) Stealth
 + Level 4.1(4.0) Unarmed Combat
 - Level 3.0(2.9) Spellcasting
 + Level 3.6 Conjurations
 - Level 2.1 Summonings
 * Level 2.3 Translocations


You had 2 spell levels left.
You knew the following spells:

 Your Spells              Type           Power        Failure   Level  Hunger
a - Magic Dart            Conj           ###.         3%          1    None
b - Blink                 Tloc           N/A          8%          2    ##.....
c - Call Imp              Summ           ##......     9%          2    ##.....
d - Mephitic Cloud        Conj/Pois/Air  #.......     24%         3    ###....
e - Conjure Flame         Conj/Fire      ##......     19%         3    ###....

Your spell library contained the following spells:

 Spells                   Type           Power        Failure   Level  Hunger
 Slow                     Hex            #.......     21%         2    ##.....


Dungeon Overview and Level Annotations

Branches:
Dungeon (6/15)             Temple (0/1) D:4

Altars:
Cheibriados
Hepliaklqana
Xom


Innate Abilities, Weirdness & Mutations

You are too large for most types of armour.
You have claws for hands.
Your metabolism is lightning-fast.
You like to eat raw meat.
Your natural rate of healing is unusually fast.
You are covered in fur. (AC +1)
You have extremely tough skin. (AC +3)


Message History

The orc warrior looks more healthy.
The orc warrior hits you from afar with a +0 trident.
Attack whom?
Press: ? - help, Dir - move target cursor, f/p - orc warrior
Aim: an orc warrior, wielding a +0 trident and wearing a +0 plate armour (heavily wounded)
You reach to attack!
You hit the orc warrior but do no damage.
The orc warrior is heavily wounded.
The orc warrior closely misses you.
The orc warrior hits you from afar with a +0 trident!
Casting: Conjure Flame (dangerous; 19% risk of failure)
Confirm with . or Enter, or press ? or * to list all spells.
Aiming: Mephitic Cloud (dangerous; 24% risk of failure)
Press: ? - help, Shift-Dir - straight line, f/p - orc warrior
Aim: an orc warrior, wielding a +0 trident and wearing a +0 plate armour (heavily wounded)
You miscast Mephitic Cloud.
You are very lightly contaminated with residual magic.
Nothing appears to happen.
The orc warrior hits you from afar with a +0 trident!!
You die...

############
#.(.(.ooo.@#
....>..########.#
....### #.# ...
####.# # #....#
#####<###### #.#
#............ #.#
#.###.#######
#.######.# #.#


You could see an orc warrior and 2 orcs.

Vanquished Creatures
  A hungry ghost (D:4)
  A sky beast (D:6)
  An ice beast (D:5)
  A centaur (D:5)
  4 wights (D:6)
  A howler monkey (D:6)
  A centaur zombie (D:6)
  2 crimson imps (D:6)
  A gnoll shaman (D:5)
  An iguana (D:5)
  4 orc wizards
  11 gnolls
  5 adders
  An adder zombie (D:5)
  2 worms
  2 dart slugs
  2 leopard geckos
  16 orcs
  7 bats
  A bat skeleton (D:2)
  2 giant cockroaches
  6 goblins
  3 hobgoblins
  7 jackals
  4 quokkas
  6 frilled lizards
  2 giant cockroach zombies (D:2)
  A jackal skeleton (D:2)
  6 kobolds
  A leopard gecko zombie (D:2)
  A quokka skeleton (D:2)
  A quokka zombie (D:2)
  3 rats
108 creatures vanquished.

Vanquished Creatures (collateral kills)
  Blork the orc (D:5)
  A gnoll shaman (D:5)
  A gnoll (D:5)
3 creatures vanquished.

Grand Total: 111 creatures vanquished

Notes
Turn   | Place    | Note
-------+----------+-------------------------------------------
     0 | D:1      | zeroc00l the Troll Wizard began the quest for the Orb.
     0 | D:1      | Reached XP level 1. HP: 16/16 MP: 2/2
   366 | D:1      | Reached XP level 2. HP: 24/24 MP: 4/4
   370 | D:1      | Learned a level 2 spell: Blink
   373 | D:1      | Learned a level 2 spell: Call Imp
   422 | D:1      | Reached skill level 1 in Unarmed Combat
   764 | D:2      | Reached skill level 1 in Conjurations
  1099 | D:2      | Reached XP level 3. HP: 31/31 MP: 5/5
  1659 | D:3      | Found a snail-covered altar of Cheibriados.
  1694 | D:3      | Became a worshipper of Cheibriados the Contemplative
  1702 | D:3      | Reached XP level 4. HP: 39/39 MP: 1/6
  2074 | D:3      | Reached skill level 2 in Unarmed Combat
  2163 | D:3      | Reached * piety under Cheibriados
  2163 | D:3      | Reached skill level 1 in Summonings
  2171 | D:3      | Reached XP level 5. HP: 42/45 MP: 1/7
  2280 | D:3      | Reached skill level 1 in Translocations
  2808 | D:4      | Learned a level 3 spell: Mephitic Cloud
  2882 | D:4      | Found a staircase to the Ecumenical Temple.
  3439 | D:5      | Entered Level 5 of the Dungeon
  3439 | D:5      | Noticed a hungry ghost
  3462 | D:4      | Killed a hungry ghost
  3462 | D:4      | Reached XP level 6. HP: 50/53 MP: 4/8
  3777 | D:5      | Reached skill level 3 in Unarmed Combat
  3839 | D:5      | Reached ** piety under Cheibriados
  3852 | D:5      | Reached XP level 7. HP: 40/59 MP: 1/10
  4044 | D:5      | Noticed Blork the orc
  4052 | D:5      | Killed Blork the orc
  4169 | D:5      | Learned a level 3 spell: Conjure Flame
  5314 | D:6      | Reached XP level 8. HP: 46/67 MP: 8/11
  5406 | D:6      | Found a shimmering altar of Xom.
  5410 | D:6      | Found a hazy altar of Hepliaklqana.
  5411 | D:6      | Noticed a spectral ugly thing
  5476 | D:6      | Reached skill level 4 in Unarmed Combat
  5532 | D:6      | Slain by an orc warrior

Illustrated notes

Levels and vault maps discovered:
D:1:      dpeg_arrival_central, layout_basic, due_unseen_surprise
D:2:      layout_basic, serial_undead, serial_undead_b, serial_undead_e,
          serial_undead_e, serial_undead_a, serial_undead_e,
          lightli_corner_chamber
D:3:      layout_loops_ring, kennysheep_slug_shrine, minmay_misc_feat_cross
D:4:      layout_cave_pods, minmay_temple_entry_statues
D:5:      layout_cave_pods, first_ration, hangedman_decor_opposing,
          uniq_blork_the_orc
D:6:      layout_loops_ring, regret_index_temple_of_mockery, uniq_maggie

Skill      XL: |  1  2  3  4  5  6  7  8 |
---------------+-------------------------+-----
Unarmed Combat | 1 2 3 4 |  4.1
Conjurations   | 1 2 3 |  3.6
Dodging        | 2 3 |  3.8
Summonings     | 1 2 |  2.1
Translocations | 1 2 |  2.3
Spellcasting   | 3 |  3.0
Stealth        | |  1.0

Action                   |  1- 3 |  4- 6 |  7- 9 || total
-------------------------+-------+-------+-------++-------
Melee: Unarmed           |   109 |   137 |    72 ||   318
       Glaive            |       |       |    25 ||    25
Throw: Dart              |       |     5 |     5 ||    10
 Cast: Magic Dart        |    38 |    57 |    24 ||   119
       Call Imp          |     1 |     5 |    12 ||    18
       Mephitic Cloud    |       |     1 |     1 ||     2
       Conjure Flame     |       |       |     8 ||     8
Evoke: Wand              |       |       |     1 ||     1
  Eat: Chunk             |    20 |    24 |    10 ||    54
       Ration            |       |     1 |       ||     1
Armor: Robe              |    46 |    45 |    11 ||   102
Dodge: Dodged            |    57 |    66 |    48 ||   171
